Map: Blackpink LE

Players

Namshar

  • Race: Zerg Zerg
  • League: Master
  • Spawn Location: 7:00

Elazer - Winner!

  • Race: Zerg Zerg
  • League: Master
  • Spawn Location: 1:00

Event: WESG Barcelona European Finals 2017

VOD

Have the link to the VOD?

Description

Time

  • Played on: Nov. 23, 2017, 9:19 a.m.
  • Length: 17:23

All games in this series

Show
View Real Time Build Order
Export as new Build Order

Namshar Zerg 

Build Orders: Hatch First 

Get SALT Encoding   

  12  0:00  Drone  
  13  0:12  Overlord  
  13  0:17  Drone  
  14  0:31  Drone x2  
  14  0:34  Drone  
  17  0:52  Hatchery  
  17  0:54  Drone  
  17  0:57  Drone  
  18  1:07  Extractor  
  17  1:11  Spawning Pool  
  17  1:14  Drone  
  17  1:18  Drone  
  18  1:28  Drone  
  19  1:38  Overlord  
  19  1:50  Drone  
  20  1:58  Queen  
  20  2:00  Zergling x2  
  23  2:03  Queen  
  23  2:04  Drone  
  23  2:07  Metabolic Boost  
  26  2:11  Zergling x2  
  26  2:14  Drone  
  28  2:22  Drone  
  29  2:25  Drone  
  29  2:27  Baneling Nest  
  29  2:32  Zergling x2  
  29  2:36  Drone  
  31  2:43  Drone  
  32  2:48  Hatchery  
  31  2:53  Overlord  
  31  2:57  Drone x2  
  33  3:05  Drone  
  33  3:11  Drone x2  
  36  3:14  Drone  
  36  3:15  Drone x2  
  36  3:16  Zergling x4  
  41  3:20  Baneling x2  
  41  3:23  Overlord  
  41  3:29  Zergling x2  
  41  3:32  Overlord  
  42  3:41  Drone  
  43  3:47  Drone  
  43  3:48  Queen, Drone x2  
  46  3:51  Drone x3  
  46  3:52  Drone  
  52  3:56  Evolution Chamber  
  52  3:58  Drone x2  
  52  4:11  Extractor  
  52  4:13  Drone x4, Roach Warren  
  52  4:15  Zergling x2  
  55  4:21  Lair, Extractor  
  55  4:22  Drone x3  
  57  4:26  Zerg Missile Weapons Level 1  
  57  4:30  Drone x2  
  57  4:31  Drone  
  60  4:38  Drone x2  
  60  4:44  Drone  
  60  4:45  Drone x2, Overlord  
  64  4:49  Overlord  
  64  4:50  Overlord  
  64  4:53  Drone x2  
  66  5:03  Zergling x2  
  66  5:04  Zergling x2  
  66  5:06  Drone x6  
  73  5:10  Extractor x2  
  71  5:20  Drone  
  71  5:21  Drone x3  
  74  5:22  Extractor  
  74  5:26  Drone x5  
  74  5:28  Evolution Chamber  
  78  5:36  Drone  
  78  5:39  Hatchery  
  78  5:42  Overlord x2  
  78  5:43  Glial Reconstitution  
  78  5:49  Overlord  
  78  5:51  Queen, Roach  
  78  5:52  Roach x3  
  88  5:57  Roach  
  88  6:03  Roach x7  
  103  6:06  Overlord x2  
  103  6:11  Zerg Ground Armor Level 1, Roach  
  103  6:12  Roach  
  103  6:16  Roach x2  
  111  6:23  Ravager x3  
  111  6:24  Overlord x2  
  114  6:27  Ravager  
  114  6:28  Zerg Missile Weapons Level 2, Ravager  
  116  6:39  Roach x7  
  130  6:46  Ravager x2  
  132  6:47  Roach x5  
  142  6:57  Overlord x5  
  142  7:05  Roach  
  144  7:16  Overlord  
  144  7:17  Roach  
  144  7:18  Roach x8  
  144  7:20  Ravager x2  
  164  7:28  Overlord x2  
  164  7:29  Overlord x2  
  164  7:31  Roach x3  
  170  7:41  Baneling  
  170  7:42  Baneling  
  170  7:45  Ravager x2  
  170  7:46  Ravager x2  
  170  7:47  Queen  
  174  7:54  Roach x9  
  192  7:59  Roach x3  
  192  8:03  Roach  
  192  8:04  Roach  
  199  8:08  Ravager  
  193  8:13  Roach x3  
  196  8:28  Zerg Ground Armor Level 2, Hydralisk Den  
  193  8:39  Ravager  
  193  8:40  Roach  
  193  8:41  Roach x2  
  200  9:00  Overseer  
  198  9:07  Roach x2  
  198  9:09  Overseer, Pneumatized Carapace  
  183  9:26  Roach x10  
  199  9:34  Drone x3  
  199  9:44  Roach  
  199  9:45  Roach x9  
  200  9:51  Overseer, Ravager  
  194  9:57  Roach x7  
  198  10:00  Roach  
  193  10:14  Roach x4  
  197  10:16  Overseer  
  188  10:25  Hatchery  
  181  10:31  Roach x5  
  181  10:32  Roach x4  
  199  10:49  Roach x3  
  195  11:00  Drone x2  
  191  11:04  Roach x5  
  191  11:11  Ravager  
  200  11:21  Roach  
  200  11:22  Roach x4  
  200  11:24  Hatchery  
  191  11:32  Roach x13  
  183  11:42  Roach x4  
  187  11:48  Roach  
  182  11:56  Roach x3  
  175  12:02  Roach x6  
  177  12:12  Roach  
  177  12:13  Roach x3  
  177  12:15  Roach x7  
  182  12:23  Overseer  
  182  12:26  Roach  
  182  12:28  Overlord x4  
  181  12:42  Queen  
  183  12:44  Overlord x2  
  183  12:48  Zergling x2, Queen, Roach  
  190  12:51  Roach x6  
  199  12:59  Overseer x2  
  199  13:00  Overseer  
  195  13:07  Ravager x2  
  195  13:08  Ravager x2  
  197  13:13  Roach  
  199  13:22  Hatchery  
  191  13:32  Roach  
  191  13:33  Roach x8  
  161  13:51  Roach x11  
  150  14:05  Roach  
  150  14:06  Roach  
  136  14:15  Queen  
  128  14:18  Roach x7  
  142  14:31  Roach x4  
  150  14:32  Ravager x2  
  150  14:33  Roach  
  154  14:40  Roach x3  
  154  14:44  Queen, Extractor  
  161  14:48  Roach x3  
  161  14:50  Drone x3  
  170  14:57  Roach x4  
  170  15:15  Roach x8  
  180  15:26  Roach  
  180  15:27  Roach x4  
  170  15:38  Queen  
  170  15:40  Drone x4  
  170  15:49  Roach x4  
  163  15:58  Roach x2  
  163  15:59  Roach  
  165  16:05  Ravager  
  165  16:07  Ravager x3  
  164  16:19  Roach x6  
  172  16:36  Roach  
  172  16:37  Roach x6  
  147  16:54  Roach x2  
  147  16:55  Roach  
  120  17:04  Roach  
  83  17:12  Unknown x6  
  73  17:13  Unknown x2  
Show
View Real Time Build Order
Export as new Build Order

Elazer Zerg - Winner!

Build Orders: Hatch First, Lurkers 

Get SALT Encoding   

  12  0:00  Drone  
  13  0:12  Overlord  
  13  0:17  Drone  
  14  0:30  Drone x2  
  14  0:34  Drone  
  17  0:51  Hatchery  
  17  0:54  Drone  
  17  0:57  Drone  
  17  1:01  Extractor  
  17  1:13  Spawning Pool  
  17  1:16  Drone  
  17  1:19  Drone  
  18  1:28  Drone  
  19  1:38  Overlord  
  19  1:50  Drone  
  20  1:59  Queen  
  20  2:00  Zergling x2  
  23  2:01  Metabolic Boost  
  23  2:03  Queen  
  23  2:07  Zergling x2  
  26  2:11  Drone  
  26  2:14  Drone  
  28  2:21  Drone  
  29  2:25  Drone  
  30  2:36  Hatchery  
  29  2:44  Baneling Nest  
  28  2:48  Drone x2  
  28  2:49  Drone  
  31  2:53  Drone  
  31  2:57  Overlord  
  32  3:05  Drone  
  33  3:07  Zergling x4  
  33  3:08  Zergling x2  
  36  3:15  Queen  
  38  3:22  Drone x2  
  38  3:26  Overlord  
  40  3:27  Baneling x2  
  40  3:28  Drone  
  40  3:32  Drone x2  
  43  3:39  Drone  
  44  3:47  Drone x3  
  47  3:48  Evolution Chamber  
  47  3:49  Drone  
  47  3:52  Drone x3  
  47  3:53  Extractor  
  49  3:58  Overlord  
  49  4:00  Drone  
  49  4:01  Drone  
  51  4:07  Drone  
  51  4:08  Drone  
  53  4:12  Extractor  
  53  4:14  Zerg Missile Weapons Level 1, Roach Warren  
  53  4:16  Drone  
  52  4:17  Drone  
  52  4:22  Lair  
  52  4:23  Drone  
  54  4:29  Drone x2  
  54  4:30  Drone  
  56  4:32  Drone x2  
  56  4:36  Overlord  
  56  4:37  Drone  
  59  4:39  Drone  
  59  4:43  Drone x3  
  63  4:45  Drone  
  63  4:47  Drone  
  65  4:55  Drone x2  
  65  4:56  Drone x3  
  65  4:57  Overlord  
  65  4:58  Pneumatized Carapace  
  70  5:03  Drone, Extractor  
  70  5:05  Drone x2, Extractor  
  71  5:07  Drone x2  
  71  5:10  Drone  
  71  5:11  Overlord  
  74  5:21  Glial Reconstitution, Overlord  
  73  5:22  Roach x3  
  73  5:26  Roach  
  81  5:28  Drone  
  81  5:30  Drone  
  81  5:32  Roach x3  
  89  5:36  Overlord  
  88  5:47  Evolution Chamber  
  88  5:49  Hatchery  
  86  5:50  Roach x4  
  86  5:55  Overlord  
  94  5:57  Roach x3  
  94  5:58  Roach  
  101  6:06  Roach x2  
  101  6:08  Overlord  
  105  6:11  Hydralisk Den  
  105  6:13  Drone  
  105  6:14  Zerg Missile Weapons Level 2  
  105  6:15  Zerg Ground Armor Level 1  
  105  6:16  Drone x2, Extractor  
  105  6:17  Drone  
  107  6:26  Roach x5  
  117  6:34  Overlord  
  117  6:36  Ravager x3  
  117  6:39  Overlord, Ravager  
  121  6:40  Drone, Overlord  
  121  6:45  Overlord  
  122  6:57  Overlord x2  
  122  7:00  Drone x3  
  122  7:01  Drone x3  
  128  7:02  Lurker Den  
  128  7:03  Roach x2  
  128  7:07  Roach x5  
  141  7:17  Hydralisk x3  
  141  7:18  Hydralisk x2  
  141  7:21  Overlord  
  141  7:22  Hydralisk x2  
  151  7:28  Overlord  
  151  7:29  Roach x2, Extractor  
  158  7:32  Overlord  
  158  7:34  Muscular Augments, Overlord  
  158  7:37  Overlord  
  158  7:39  Roach x2  
  162  7:45  Overlord  
  162  7:51  Roach x7  
  176  7:53  Overlord  
  176  7:58  Roach x3  
  182  8:00  Ravager  
  179  8:07  Drone x3  
  179  8:09  Roach x5  
  190  8:24  Overlord  
  190  8:25  Roach x2  
  194  8:28  Lurker  
  194  8:29  Lurker x2  
  195  8:34  Lurker  
  195  8:36  Roach x2  
  200  9:01  Hatchery  
  185  9:23  Hydralisk x6  
  185  9:29  Roach x9  
  200  9:31  Overseer  
  200  9:33  Zerg Ground Armor Level 2  
  200  9:35  Infestation Pit  
  175  9:47  Lurker x2  
  175  9:48  Lurker  
  175  9:49  Hydralisk x5  
  182  9:59  Roach x6  
  176  10:12  Lurker x4  
  176  10:16  Roach x4  
  176  10:29  Roach x6  
  176  10:30  Roach x3  
  194  10:41  Roach x4  
  196  10:46  Tunneling Claws  
  192  10:51  Extractor  
  192  10:53  Hatchery  
  192  10:56  Drone x3  
  188  11:06  Overseer  
  188  11:12  Roach x6  
  198  11:32  Roach  
  198  11:33  Roach  
  198  11:39  Roach x12  
  199  11:44  Hydralisk x2  
  192  11:47  Baneling x2  
  192  11:50  Burrow  
  190  11:56  Roach x4  
  171  12:10  Roach x5  
  165  12:19  Roach x5  
  148  12:31  Hydralisk  
  148  12:32  Hydralisk x4  
  148  12:34  Roach x6  
  164  12:41  Roach  
  164  12:42  Roach x4  
  164  12:43  Ravager  
  164  12:44  Ravager  
  167  12:47  Roach x3  
  167  12:48  Hive  
  167  12:50  Lurker x2  
  167  12:51  Ravager x3  
  178  13:08  Hydralisk x6  
  178  13:10  Roach x7  
  178  13:11  Roach  
  198  13:20  Roach  
  187  13:36  Roach x7  
  197  13:48  Roach x8  
  170  13:59  Roach x14  
  170  14:00  Roach  
  186  14:07  Hydralisk x3  
  180  14:13  Hydralisk x3  
  157  14:19  Roach x3  
  157  14:22  Ravager  
  157  14:23  Ravager x2  
  164  14:29  Hydralisk x3  
  164  14:30  Hydralisk  
  164  14:33  Lurker  
  164  14:35  Unknown x12  
  161  14:40  Lurker  
  161  14:41  Lurker  
  161  14:42  Zerg Missile Weapons Level 3  
  163  14:47  Roach  
  163  14:48  Roach x2  
  163  14:50  Lurker  
  170  14:55  Roach  
  170  15:13  Hydralisk x4  
  168  15:14  Roach x2  
  168  15:16  Roach  
  168  15:19  Roach x4  
  168  15:20  Roach x2  
  160  15:28  Roach  
  160  15:29  Roach x3  
  160  15:34  Roach x3  
  163  15:39  Roach x4  
  163  15:40  Roach x3  
  171  15:46  Roach  
  171  15:47  Roach x2  
  171  15:48  Ravager x2  
  179  15:51  Ravager  
  178  16:01  Roach  
  178  16:02  Roach x4  
  186  16:17  Roach x7  
  194  16:24  Roach  
  194  16:25  Roach x3  
  196  16:38  Roach  
  196  16:39  Roach x5  
  170  16:56  Roach  
  170  16:57  Roach x8  
Tags
 
Add a new tag
Caveats
  • Supply blocks, unpowered buildings, or Contaminate may cause inaccurate times.
  • Supply counts are checked every 10 seconds.